 Dungeon Crawl Stone Soup version 0.31-a0-1447-g87ca8d402b (webtiles) character file.

Game seed: 17629899680707336360

100 Atlas the Grave Robber (level 4, -2/30 HPs)
             Began as a Mummy Necromancer on Dec 27, 2023.
             Slain by Crazy Yiuf
             ... wielding a +4 quarterstaff of chaos
              (8 damage)
             ... on level 2 of the Dungeon.
             The game lasted 00:04:47 (2413 turns).

Atlas the Grave Robber (Mummy Necromancer)          Turns: 2413, Time: 00:04:47

Health: -2/30      AC:  3    Str: 11    XL:     4   Next: 47%
Magic:  7/9        EV: 11    Int: 16    God:
Gold:   64         SH:  0    Dex: 12    Spells: 6/10 levels left

rFire   x . .        d - staff of earth
rCold   + . .        (no shield)
rNeg    + + +        b - +0 leather armour
rPois   ∞            (no helmet)
rElec   .            (no cloak)
rCorr   .            (no gloves)
SInv    .            (no boots)
Will    .....        (no amulet)
Stlth   +            (no ring)
HPRegen 0.25/turn    (no ring)
MPRegen 0.11/turn

%: faith
@: weakened
A: cold resistance 1, negative energy resistance 3, torment resistance 2, heat
vulnerability 1, in touch with death 1, no potions, faith
a: no special abilities


You were on level 2 of the Dungeon.
You visited 1 branch of the dungeon, and saw 2 of its levels.

You collected 64 gold pieces.

Inventory:

Armour
 b - a +0 leather armour (worn)
Magical Staves
 d - a staff of earth (weapon)
Jewellery
 e - a +6 ring of dexterity
Scrolls
 a - 2 scrolls of identify
 c - a scroll of fog
 g - a scroll of noise {unknown}


   Skills:
 + Level 1.9 Dodging
 + Level 1.6 Stealth
 + Level 3.8 Spellcasting
 + Level 5.3 Necromancy


You had 6 spell levels left.
You knew the following spells:

 Your Spells              Type           Power      Damage    Failure   Level
a - Necrotise             Necr           100%       1d9       2%          1
b - Vampiric Draining     Necr           30%        2d8       8%          3

Your spell library contained the following spells:

 Spells                   Type           Power      Damage    Failure   Level
 Animate Dead             Necr           30%        N/A       26%         4
 Call Canine Familiar     Summ           3%         N/A       56%         3
 Sigil of Binding         Hex            3%         N/A       56%         3
 Curse of Agony           Necr           30%        N/A       56%         5
 Dimensional Bullseye     Hex/Tloc       1%         N/A       92%         4
 Passage of Golubria      Tloc           3%         N/A       92%         4
 Silence                  Hex/Air        1%         N/A       99%         5
 Lehudib's Crystal Spear  Conj/Erth      2%         10d2      100%        8


Dungeon Overview and Level Annotations

Branches:
Dungeon (2/15)

Altars:
Yredelemnul

Annotations:
D:2 Crazy Yiuf


Innate Abilities, Weirdness & Mutations

You are immune to poison.
Your flesh is cold resistant. (rC+)
You are immune to negative energy. (rN+++)
You are immune to unholy pain and torment.
You are vulnerable to heat. (rF-)
You are in touch with the powers of death.
You do not drink.
You have a special connection with the divine. (Faith)


Message History

Your kobold skeleton crumbles into dust!
You swap places.
You now have 64 gold pieces (gained 11).
You swap places.
Things that are here:
a +0 whip; 3 stones Your frilled lizard skeleton crumbles into dust!
f - a scroll labelled IPE LEG TIME
g - a scroll labelled KYLYEL QOCO You enter the shallow water.
Moving in this stuff is going to be slow.
You see here a +0 short sword.
There is an open door here.
There is a stone staircase leading down here.
Could not explore, unopened runed door.
You open the door.
Crazy Yiuf shouts!
You feel a surge of power!
Crazy Yiuf barely resists.
Crazy Yiuf laughs, "Castle!
Prologue verde pontify."
Crazy Yiuf hits you with a +4 quarterstaff of chaos!
You feel your attacks grow feeble.
You feel a surge of power!
Crazy Yiuf writhes in agony!
Crazy Yiuf hits you with a +4 quarterstaff of chaos!
Crazy Yiuf burns you.
* * * LOW HITPOINT WARNING * * *
You are too injured to fight recklessly!
You are too injured to fight recklessly!
Unknown command.
Okay, then.
As you read the scroll labelled YTAW PIJEYSAIMN, it crumbles to dust.
It is a scroll of identify.
c - a scroll of fog Crazy Yiuf cries, "Fire!
Orb bush dark."
Crazy Yiuf misses you.
As you read the scroll labelled IPE LEG TIME, it crumbles to dust.
It is a scroll of enchant weapon.
You aren't carrying any weapons that can be enchanted.
Crazy Yiuf says, "Citrus ena illywillydillykilly!"
Crazy Yiuf hits you with a +4 quarterstaff of chaos!
You die...

########~~~~~~~~~~#~~~####.#
# ################ #.# # #.#
#### #.# #... #.# #.## #.#
#.). ### ♣♣###.###...
#)..#♣♣ ♣♣P....>....#
#...g@♣♣♣♣.P....######
#...#♣..♣.PP...## # ###
♣♣♣.♣....########
♣♣♣♣♣#####..... #..#.####
#####.#.# #.....#.#
#.#####.# #.!.....#


You could see Crazy Yiuf.

Vanquished Creatures
  Terence (D:2)
  A worm (D:2)
  A dart slug (D:1)
  6 endoplasms
  3 giant cockroaches
  5 goblins
  6 hobgoblins
  7 jackals (D:2)
  4 quokkas
  3 ball pythons
  6 frilled lizards
  5 kobolds
  3 rats
51 creatures vanquished.

Vanquished Creatures (collateral kills)
  A worm (D:2)
  A dart slug (D:2)
  2 endoplasms
  A hobgoblin (D:1)
  A jackal (D:2)
  A rat (D:2)
7 creatures vanquished.

Grand Total: 58 creatures vanquished

Notes
Turn   | Place    | Note
-------+----------+-------------------------------------------
     0 | D:1      | Atlas the Mummy Necromancer began the quest for the Orb.
     0 | D:1      | Reached XP level 1. HP: 13/13 MP: 4/4
   357 | D:1      | Reached XP level 2. HP: 19/19 MP: 2/5
  1045 | D:1      | Reached XP level 3. HP: 24/24 MP: 3/7
  1478 | D:2      | Learned a level 3 spell: Vampiric Draining
  1790 | D:2      | Found a basalt altar of Yredelemnul.
  1791 | D:2      | Noticed Terence
  1795 | D:2      | Killed Terence
  1796 | D:2      | Reached skill level 5 in Necromancy
  1796 | D:2      | Reached XP level 4. HP: 30/30 MP: 4/9
  2021 | D:2      | Found a runed translucent door.
  2022 | D:2      | Noticed Crazy Yiuf
  2413 | D:2      | Slain by Crazy Yiuf

Illustrated notes

Levels and vault maps discovered:
D:1:      matt_arrival_spirals, layout_basic, st_stairs_8
D:2:      layout_basic, basic_altar, chequers_serial_rivers_large_b,
          grunt_ministairs_7, uniq_crazy_yiuf_cottage, uniq_terence

Skill      XL: |  1  2  3 |
---------------+----------+-----
Spellcasting   | 3 |  3.8
Necromancy     | 5 |  5.3
Dodging        | |  1.9
Stealth        | |  1.6

Action                     |  1- 3 |  4- 6 || total
---------------------------+-------+-------++-------
  Melee: Unarmed           |    19 |       ||    19
         Staff             |       |     1 ||     1
   Cast: Necrotise         |    81 |    16 ||    97
    Use: Scroll            |       |     2 ||     2
 Armour: Robe              |    11 |       ||    11
         Leather armour    |     9 |     7 ||    16
  Dodge: Dodged            |    19 |     1 ||    20

Table legend: (Time is in decaauts)
 A = Elapsed time spent in this place.
 B = Non-inter-level travel time spent in this place.
 C = Inter-level travel time spent in this place.
 D = Time resting spent in this place.
 E = Time spent auto-exploring this place.
 F = Levels seen in this place.
 G = Mean time per level.
                   A        B        C        D        E       F      G
               +--------+--------+--------+--------+--------+-----+--------+
         Total |   2436 |   2362 |     74 |     57 |   1994 |   2 | 1218.0 |
       Dungeon |   2436 |   2362 |     74 |     57 |   1994 |   2 | 1218.0 |
               +--------+--------+--------+--------+--------+-----+--------+

Top non-repeatable levels by time:
     D:1: 1348 daAuts
     D:2: 1088 daAuts
